 Dungeon Sprint DCSS version 0.20.1-1-g8b1a95d66d (webtiles) character file.

382 Groucho the Covert (level 6, -2/32 HPs)
             Began as a Spriggan Fighter on Jan 2, 2018.
             Was a Priest of Uskayaw.
             Slain by a gnoll
             ... wielding a +0 club
              (5 damage)
             ... in the Dungeon (Sprint VII: "The Pits").
             The game lasted 00:02:31 (815 turns).

Groucho the Covert (Spriggan Fighter)                Turns: 815, Time: 00:02:32

Health: -2/32      AC:  2    Str: 14    XL:     6   Next: 47%
Magic:  7/7        EV: 19    Int:  9    God:    Uskayaw [***...]
Gold:   0          SH:  6    Dex: 16    Spells: 5/5 levels left

rFire    . . .     SeeInvis +   a - +0 rapier
rCold    . . .     Gourm    .   c - +0 buckler
rNeg     . . .     Faith    .   b - +0 robe
rPois    .         Spirit   .   (helmet restricted)
rElec    .         Reflect  .   (no cloak)
rCorr    .         Harm     .   (gloves unavailable)
MR       +....     NoTele   +   (boots unavailable)
Stlth    ++++++....             (no amulet)
Regen    0.1/turn               (no ring)
MPRegen  0.1/turn               (no ring)

@: berserk cooldown, slowed, quick
A: unfitting armour, see invisible, herbivore 3, speed 3, slow metabolism 2
a: Stomp, Line Pass, Renounce Religion


You were in the Dungeon.
You worshipped Uskayaw.
Uskayaw was noncommittal.
You were not hungry.

You visited 1 branch

Inventory:

Hand Weapons
 a - a +0 rapier (weapon)
Missiles
 q - 10 stones (quivered)
Armour
 b - a +0 robe (worn)
 c - a +0 buckler (worn)
Scrolls
 k - a scroll of blinking
 m - 3 scrolls of remove curse
 n - 5 scrolls of amnesia
 o - a scroll of summoning
Potions
 d - a potion of might
 e - 6 potions of curing
 g - 4 potions of heal wounds
 h - a potion of haste
 i - 4 potions of magic
 j - 2 potions of berserk rage
 l - a potion of invisibility
Comestibles
 f - 8 bread rations
 p - 40 fruits


   Skills:
 - Level 2.4 Fighting
 + Level 10.9 Short Blades
 - Level 4.4 Dodging
 + Level 14.4 Stealth
 - Level 2.1 Shields


You had 5 spell levels left.
You didn't know any spells.

Dungeon Overview and Level Annotations

Branches:
Dungeon (1/1)

Altars:
Ashenzari
Cheibriados
Dithmenos
Elyvilon
Fedhas
Gozag
Hepliaklqana
Kikubaaqudgha
Makhleb
Nemelex Xobeh
Okawaru
Qazlal
Ru
Sif Muna
Trog
Uskayaw
Vehumet
Xom
Yredelemnul
Zin
The Shining One
Beogh
Jiyva
Lugonu


Innate Abilities, Weirdness & Mutations

You are very small and have problems with some larger weapons.
You are too small for most types of armour.
You have supernaturally acute eyesight. (SInv)
You are a herbivore.
You cover ground extremely quickly.
You need consume almost no food.


Message History

You are exhausted.
You feel yourself slow down.
There is an open door, spattered with blood here.
You see here a gnoll corpse.
The gnoll hits you with a club.
* * * LOW HITPOINT WARNING * * *
You barely miss the gnoll. The gnoll completely misses you.
You barely miss the gnoll. The gnoll barely misses you.
The gnoll shouts!
You hit the gnoll but do no damage.
Uskayaw links your audience in an emotional bond!
Unknown command.
You hit the gnoll but do no damage. The gnoll barely misses you.
The gnoll hits you with a club.
* * * LOW HITPOINT WARNING * * *
Unknown command.
You closely miss the gnoll.
The gnoll is no longer sharing its pain. x2
The gnoll hits you with a club.
You die...

#_________.#
#_________.#
#__.____...#######
##########'##.....
#%?|.')))'.##.....
##########.##.....
#.))).......'.....
#†#####'#####.....
#@#...#.#[[##.....
#g#..)#.#))#####'#
#.#...'.#))##.....
#.##†####))##.....
#g#.....#..##.....
#.#.....#'###...<.
#.#...)))..##.....
#.#........##.....
#'###########.....


You could see 2 gnolls.

Vanquished Creatures
  A porcupine (D)
  A gnoll sergeant (D)
  3 wights (D)
  2 worker ants (D)
  3 gnolls (D)
  An adder (D)
  An ufetubus (D)
  An orc (D)
  2 giant cockroaches (D)
  A frilled lizard (D)
  A rat (D)
17 creatures vanquished.

Notes
Turn   | Place    | Note
-------+----------+-------------------------------------------
     0 | D        | Groucho the Spriggan Fighter began the quest for the Orb.
     0 | D        | Reached XP level 1. HP: 11/11 MP: 2/2
    16 | D        | Reached skill level 2 in Stealth
    47 | D        | Found a bloodstained altar of Trog.
    47 | D        | Found a deep blue altar of Sif Muna.
    47 | D        | Found a viscous altar of Jiyva.
    47 | D        | Found a hazy altar of Hepliaklqana.
    47 | D        | Found an opulent altar of Gozag.
    48 | D        | Found a glowing golden altar of the Shining One.
    48 | D        | Found a glowing silver altar of Zin.
    48 | D        | Found a basalt altar of Yredelemnul.
    48 | D        | Found a shimmering altar of Xom.
    48 | D        | Found a sacrificial altar of Ru.
    48 | D        | Found a stormy altar of Qazlal.
    48 | D        | Found an iron altar of Okawaru.
    48 | D        | Found a sparkling altar of Nemelex Xobeh.
    48 | D        | Found a burning altar of Makhleb.
    48 | D        | Found a blossoming altar of Fedhas.
    48 | D        | Found a white marble altar of Elyvilon.
    48 | D        | Found a shadowy altar of Dithmenos.
    48 | D        | Found a snail-covered altar of Cheibriados.
    50 | D        | Found a radiant altar of Vehumet.
    50 | D        | Found a corrupted altar of Lugonu.
    50 | D        | Found a roughly hewn altar of Beogh.
    51 | D        | Found a hide-covered altar of Uskayaw.
    51 | D        | Found an ancient bone altar of Kikubaaqudgha.
    51 | D        | Found a shattered altar of Ashenzari.
    61 | D        | Became a worshipper of Uskayaw the Reveler
    77 | D        | Noticed a worker ant
    82 | D        | Reached * piety under Uskayaw
    84 | D        | Reached ** piety under Uskayaw
    94 | D        | Killed a worker ant
    94 | D        | Reached skill level 5 in Short Blades
    94 | D        | Reached skill level 6 in Stealth
    94 | D        | Reached XP level 2. HP: 13/16 MP: 3/3
    98 | D        | Reached *** piety under Uskayaw
    99 | D        | Reached skill level 7 in Stealth
    99 | D        | Reached XP level 3. HP: 15/19 MP: 4/4
    99 | D        | Reached **** piety under Uskayaw
   104 | D        | Reached skill level 8 in Stealth
   106 | D        | Reached skill level 9 in Stealth
   106 | D        | Reached XP level 4. HP: 19/23 MP: 5/5
   106 | D        | Reached ***** piety under Uskayaw
   119 | D        | Reached skill level 11 in Stealth
   119 | D        | Reached XP level 5. HP: 15/27 MP: 6/6
   326 | D        | Noticed a porcupine
   700 | D        | Reached skill level 12 in Stealth
   802 | D        | Reached skill level 13 in Stealth
   802 | D        | Reached XP level 6. HP: 20/32 MP: 7/7
   804 | D        | Killed a porcupine
   804 | D        | Reached skill level 10 in Short Blades
   804 | D        | Reached skill level 14 in Stealth
   815 | D        | Slain by a gnoll

Skill      XL: |  1  2  3  4  5  6 |
---------------+-------------------+-----
Stealth        | 6 7 9 11 13 14 | 14.4
Short Blades   | 5 6 7 8 9 10 | 10.9
Fighting       | |  2.4
Dodging        | |  4.4
Shields        | |  2.1

Action                   |  1- 3 |  4- 6 || total
-------------------------+-------+-------++-------
Melee: Rapier            |    20 |    48 ||    68
Invok: Stomp             |       |     1 ||     1
  Use: Potion            |     1 |     3 ||     4
 Stab: Sleeping          |     5 |       ||     5
       Paralysed         |     1 |     2 ||     3
       Invisible         |       |     1 ||     1
Armor: Robe              |     1 |       ||     1
Dodge: Dodged            |     7 |    31 ||    38
Block: Buckler           |     6 |    10 ||    16
